 Dungeon Crawl Stone Soup version 0.24-a0-368-g0e0cebd0f3 (webtiles) character file.

Game seed: 6617714647131582655

174 goulibeur the Skirmisher (level 5, 0/47 HPs)
             Began as a Minotaur Fighter on May 28, 2019.
             Was a Follower of Trog.
             Slain by Eustachio
             ... wielding a +0 falchion
              (2 damage)
             ... on level 4 of the Dungeon.
             The game lasted 00:11:08 (2483 turns).

goulibeur the Skirmisher (Minotaur Fighter)         Turns: 2483, Time: 00:11:08

Health: 0/47       AC: 13    Str: 20      XL:     5   Next: 28%
Magic:  4/4        EV:  4    Int:  5      God:    Trog [*.....]
Gold:   177        SH:  9    Dex: 10 (11) Spells: 4/4 levels left

rFire    . . .     SeeInvis .   a - +1 flail
rCold    . . .     Gourm    .   c - +0 shield
rNeg     . . .     Faith    .   w - +0 plate armour
rPois    .         Spirit   .   (helmet restricted)
rElec    .         Reflect  .   j - +0 cloak
rCorr    .         Harm     .   (no gloves)
MR       .....                  (no boots)
Stlth    ..........             (no amulet)
HPRegen  0.15/turn              (no ring)
MPRegen  0.09/turn              (no ring)

@: berserk cooldown, slowed, very slow
A: retaliatory headbutt, horns 2
a: Berserk, Renounce Religion


You were on level 4 of the Dungeon.
You worshipped Trog.
Trog was aware of your devotion.
You were very hungry.

You visited 1 branch of the dungeon, and saw 4 of its levels.

You collected 177 gold pieces.

Inventory:

Hand Weapons
 a - a +1 flail (weapon)
Missiles
 y - 3 boomerangs (quivered)
Armour
 b - a +0 scale mail
 c - a +0 shield (worn)
 j - a +0 cloak (worn)
 n - a +0 chain mail
 w - a +0 plate armour (worn)
 x - a +0 chain mail
Jewellery
 e - an uncursed ring of magical power
 p - an uncursed amulet of faith
 r - an uncursed ring of fire
 v - an uncursed amulet of harm {unknown}
Scrolls
 g - a scroll of fear
 l - 5 scrolls of amnesia
 m - a scroll of enchant weapon
 o - a scroll of random uselessness
 t - a scroll of remove curse
 A - 2 scrolls of identify
 C - a scroll of magic mapping {unknown}
 D - a scroll of enchant armour {unknown}
Potions
 d - 2 potions of might
 h - 2 potions of curing {unknown}
 i - 2 potions of lignification {unknown}
 k - a potion of ambrosia {unknown}
 q - a potion of heal wounds {unknown}
 u - a potion of haste {unknown}
 z - 2 potions of degeneration {unknown}
 B - a potion of agility {unknown}
Comestibles
 f - 3 rations
 s - 6 chunks of flesh


   Skills:
 * Level 4.9 Fighting
 * Level 3.8 Maces & Flails
 + Level 1.3 Throwing
 + Level 4.2 Armour
 + Level 1.8 Dodging
 + Level 4.2 Shields


You had 4 spell levels left.
You didn't know any spells.
Your spell library was empty.

Dungeon Overview and Level Annotations

Branches:
Dungeon (4/15)
 Temple: D:4-7

Altars:
Elyvilon
Gozag
Hepliaklqana
Kikubaaqudgha
Sif Muna
Trog
Uskayaw
The Shining One

Annotations:
D:4 1 runed translucent door, Eustachio


Innate Abilities, Weirdness & Mutations

You reflexively headbutt those who attack you in melee.
You have a pair of horns on your head.


Message History

Eustachio is almost dead.
The rat bites you but does no damage. You block the quokka's attack.
You block the river rat's attack. Eustachio hits you but does no damage.
The rat barely misses you.
The quokka bites you but does no damage.
The river rat bites you but does no damage.
Eustachio barely misses you. The rat bites you but does no damage.
You closely miss Eustachio.
Eustachio is almost dead.
You block the quokka's attack. You block the river rat's attack.
The quokka bites you but does no damage.
Eustachio hits you but does no damage. The rat barely misses you.
The river rat bites you.
* * * LOW HITPOINT WARNING * * *
The quokka bites you.
* * * LOW HITPOINT WARNING * * *
You closely miss Eustachio. Your headbutt misses Eustachio.
Eustachio is almost dead.
Eustachio hits you with a +0 falchion.
You die...

. ...... #........?.##
###......#####..........#
............##........#
#.....#>....#........##
#.#..## #.......####
..##..#####........##
..#...#..#......b...#
...........####r@r###
.........#..# ##@r#
.........#...# ####
.........###..#
#............##
#....####.#..# .....# ##
## ..#### ##. .


You could see Eustachio, a river rat, a quokka, a bat and a rat.

Vanquished Creatures
  2 hounds (D:4)
  Natasha (twice) (D:2)
  An adder (D:2)
  A dart slug (D:2)
  6 leopard geckos
  An orc (D:4)
  6 giant cockroaches
  3 hobgoblins
  4 jackals (D:1)
  5 kobolds
  A quokka (D:2)
  A ball python (D:4)
  3 bats
  6 frilled lizards
  4 goblins
  4 rats
50 creatures vanquished.

Notes
Turn   | Place    | Note
-------+----------+-------------------------------------------
     0 | D:1      | goulibeur the Minotaur Fighter began the quest for the Orb.
     0 | D:1      | Reached XP level 1. HP: 19/19 MP: 0/0
    93 | D:1      | Reached XP level 2. HP: 27/27 MP: 1/1
   554 | D:2      | Reached XP level 3. HP: 32/33 MP: 2/2
   624 | D:2      | Found a bloodstained altar of Trog.
   635 | D:2      | Became a worshipper of Trog the Wrathful
   703 | D:2      | Found an opulent altar of Gozag.
   755 | D:2      | Reached skill level 1 in Dodging
   837 | D:2      | Found a hide-covered altar of Uskayaw.
   978 | D:2      | Noticed Natasha
   994 | D:2      | Killed Natasha
   994 | D:2      | Reached XP level 4. HP: 20/41 MP: 3/3
   997 | D:2      | Noticed Natasha
  1009 | D:2      | Killed Natasha
  1009 | D:2      | Reached skill level 1 in Throwing
  1677 | D:3      | Found a hazy altar of Hepliaklqana.
  1825 | D:3      | Reached * piety under Trog
  1969 | D:3      | Found a deep blue altar of Sif Muna.
  1970 | D:3      | Found an ancient bone altar of Kikubaaqudgha.
  1970 | D:3      | Found a glowing golden altar of the Shining One.
  2319 | D:4      | Reached XP level 5. HP: 47/47 MP: 4/4
  2362 | D:4      | Found a white marble altar of Elyvilon.
  2363 | D:4      | Found a runed translucent door.
  2363 | D:4      | Noticed an angel
  2453 | D:4      | Noticed Eustachio
  2482 | D:4      | HP: 2/47 [quokka[Eustachio] (4)]
  2483 | D:4      | Slain by Eustachio

Levels and vault maps discovered:
D:1:      co_arrival_square_in_a_square_in_a_square, layout_rooms
D:2:      layout_basic, overflow_temple_1_default, lemuel_crystal_altar,
          hex_medium, trog_book, uniq_natasha
D:3:      layout_loops_corners, chequers_temple_overflow_statue_of_worship,
          old_standard_altar
D:4:      layout_cave_pools, lemuel_angel_altar, uniq_eustachio

Skill      XL: |  1  2  3  4 |
---------------+-------------+-----
Fighting       | 4 |  4.9
Maces & Flails | 3 |  3.8
Dodging        | 1 |  1.8
Armour         | 4 |  4.2
Shields        | 4 |  4.2
Throwing       | 1 |  1.3

Action                   |  1- 3 |  4- 6 || total
-------------------------+-------+-------++-------
Melee: Flail             |    83 |    80 ||   163
       Headbutt          |    13 |    12 ||    25
Invok: Berserk           |       |     1 ||     1
  Use: Scroll            |       |    10 ||    10
  Eat: Chunk             |       |     5 ||     5
Armor: Scale mail        |     8 |       ||     8
       Chain mail        |    33 |    33 ||    66
       Plate armour      |       |    92 ||    92
Dodge: Dodged            |    18 |    44 ||    62
Block: Shield            |    48 |    93 ||   141

Table legend:
 A = Non-vault XP
 B = Vault XP
 C = Vault XP percentage of total XP
 D = Non-vault monster count
 E = Vault monster count
 F = Vault count percentage of total count
                 A         B        C        D         E       F
            +---------+---------+-------+---------+---------+-------
      Total |     213 |      36 |  14.5 |      49 |       1 |   2.0
            +---------+---------+-------+---------+---------+-------
        D:1 |      22 |       0 |   0.0 |      12 |       0 |   0.0
        D:2 |      81 |      36 |  30.8 |      19 |       1 |   5.0
        D:3 |      19 |       0 |   0.0 |      12 |       0 |   0.0
        D:4 |      91 |       0 |   0.0 |       6 |       0 |   0.0
            +---------+---------+-------+---------+---------+-------
